← All builds
Beach sea / Armada / Economy first / OBSERVED BUILD

Standard beach sea

Armada Beach sea build order · Supreme Isthmus

Economy-first sea play: shipyard right away, a destroyer by around 5 minutes, then an Advanced Metal Extractor as the eco scales up, with later ships like corvette, frigate and submarine filling out the fleet; this is the role's baseline…

Usually shipyard first (93%)

#naval #eco · 869 distinct matches · 145 players · 72% of Armada Beach sea games · team won 50% of 937 · Recently observed

HOW TO PLAY IT

Key timing: Shipyard by 1:40, first destroyer by 4:52

  1. Open 3 mex into tidal generators for early energy.
  2. Rush Shipyard straight from the opening eco.
  3. Keep adding mex and naval energy converters to fund the fleet.
  4. Get your first destroyer out to contest the sea.
  5. Transition into Advanced Metal Extractor as eco scales.

Phase by phase

TYPICAL OF ITS 869 GAMES · AGAINST STANDARD BEACH SEA
  1. 1
  2. 2
  3. 3
PLAY THE OPENING

Follow the example game's first 6:00 step by step: what to build now, what comes next, and where it goes. At 1× it keeps pace with your own game.

  1. 1

    Up to the Shipyard

    Economy
    • Metal Extractor3Mex
    • Wind Turbine2Windfor allies+2 vs standard
    • Wind Turbine1Wind−4 vs standard
    Order
    1. ShipyardShipyard after 3 mex, 1 winddone ~1:44, middle half 1:27–2:01

    Some games also: tidal (38%) · energy storage (35%)

    By 1:27 in all: 3 mex · 1 wind (standard 5)

    The example game in this phase · 9 steps
    1. Mex ×2
    2. Windfor Air
    3. Mex
    4. Wind
    5. Wind ×2for Air
    6. Wind
    7. Energy storage
    8. SentrySentry
    9. ShipyardShipyarddone 2:04 · typical 1:44
  2. 2

    Shipyard to 5:00

    Economy
    • Metal Extractor5Mex
    • Wind Turbine2Wind−3 vs standard
    • Tidal Generator2Tidal+2 vs standard
    Builders
    • Construction Ship2 Con ship +2 vs standard
    Army
    • Dolphin3 Dolphin +3 vs standard
    • Skater2 Skater +2 vs standard
    • Corsair1 Destroyer
    Other
    • Naval Radar / Sonar Tower1 Naval Radar / Sonar Tower

    Some games also: Harpoon (43%) · con turret (35%) · submarine (33%) · frigate (33%) · Sentry (31%)

    The standard build makes here, this one skips: 3 con hovercraft · 7 seeker

    By 5:00 in all: 8 mex · 4 wind (standard 10) · 3 tidal (standard 0)

    The example game in this phase · 24 steps
    1. SkaterSkater
    2. Construction ShipCon ship ×2
    3. SkaterSkater
    4. EelSubmarinedone 3:21
    5. Tidal
    6. Mex ×2
    7. Tidal ×2
    8. Naval Radar / Sonar TowerNaval Radar / Sonar Tower
    9. Mex
    10. DolphinDolphin
    11. Con turret
    12. DolphinDolphin
    13. Naval Energy Converter
    14. Mex
    15. DolphinDolphin
    16. Tidal
    17. Mex
    18. HarpoonHarpoon
    19. DolphinDolphin
    20. Naval Radar / Sonar TowerNaval Radar / Sonar Tower
    21. DolphinDolphin
    22. Mex
    23. Naval Radar / Sonar TowerNaval Radar / Sonar Tower
    24. NettleNettle
  3. 3

    5:00 to 10:00

    Economy
    • Metal Extractor1Mex−2 vs standard
    • Wind Turbine11Wind
    Builders
    • Naval Construction Turret1 Naval Construction Turret
    • Grim Reaper1 Grim Reaper
    Army
    • Sentry1 Sentry
    • Harpoon1 Harpoon
    • Dolphin3 Dolphin
    • Corsair2 Destroyer
    • Skater2 Skater
    Other
    • Naval Radar / Sonar Tower1 Naval Radar / Sonar Tower

    Some games also: con ship (48%) · frigate (45%) · Radar Tower (41%) · tidal (40%) · con turret (39%)

    By 10:00 in all: 10 mex · 16 wind (standard 23) · 4 tidal (standard 0) · 1 energy storage · 1 con turret · 1 Naval Construction Turret

    The example game in this phase · 47 steps
    1. Construction ShipCon ship
    2. EllysawFrigate ×2
    3. CorsairDestroyerdone 6:22 · typical 4:58
    4. Naval Radar / Sonar TowerNaval Radar / Sonar Tower
    5. Grim ReaperGrim Reaper
    6. EllysawFrigate ×2
    7. Tidal
    8. Naval Energy Converter
    9. Tidal
    10. HarpoonHarpoon
    11. CorsairDestroyer
    12. Naval Energy Converter
    13. Tidal ×4
    14. SkaterSkater
    15. Tidal
    16. EllysawFrigate
    17. Advanced Metal ExtractorT2 mexdone 9:41 · typical 10:04
    18. EllysawFrigate
    19. CorsairDestroyer
    20. Tidal
    21. Advanced Metal ExtractorT2 mex
    22. Grim ReaperGrim Reaper
    23. Tidal
    24. EllysawFrigate
    25. Tidal
    26. EllysawFrigate
    27. Naval Radar / Sonar TowerNaval Radar / Sonar Tower
    28. CorsairDestroyer
    29. Advanced Metal ExtractorT2 mex
    30. SkaterSkater
    31. BeholderBeholder
    32. EllysawFrigate
    33. SentrySentry
    34. EllysawFrigate
    35. SentrySentry
    36. CorsairDestroyer
    37. HarpoonHarpoon
    38. SentrySentry
    39. Grim ReaperGrim Reaper
    40. HarpoonHarpoon
    41. Advanced Metal ExtractorT2 mex
    42. EllysawFrigate ×2
    43. CorsairDestroyer
    44. HarpoonHarpoon
    45. DolphinDolphin ×4
    46. HarpoonHarpoon
    47. DolphinDolphin ×8

Counts are medians over the build's games: half of them build more, half fewer. The example game is starbird's (30 OS, 19/09/2026); pick another.

Team trades

IN AT LEAST 30% OF ITS GAMES

You hand over

  • Wind Turbine3 Wind to Airfirst at 1:42 · in 79% of games

You get

  • Finch1 Finch from Airfirst at 1:58 · in 78% of games
  • Lazarus1 Lazarus from Geofirst at 2:11 · in 53% of games
  • Hephaestus1 Heavy transport from Airfirst at 2:16 · in 63% of games
  • Hercules1 Light transport from Airfirst at 2:19 · in 39% of games
  • Construction Bot1 Con bot from Geofirst at 2:27 · in 69% of games
  • Advanced Construction Bot1 T2 con bot from Techfirst at 8:11 · in 88% of games

How it plays out

Typical game of this build, running totals by minute

Metal produced

010k20k30k
0:005:0010:0015:00

metal

Enemy metal destroyed

02.5k5k7.5k
0:005:0010:0015:00

metal

Own metal lost

02.5k5k7.5k
0:005:0010:0015:00

metal

937 games.

Show as table
ByMetal produced: This buildEnemy metal destroyed: This buildOwn metal lost: This build
1:0040400
2:0093800
3:00158100
4:0025205151
5:003703238150
6:005103564358
7:0065891095695
8:00815016611166
9:00976924351820
10:001162133652570
11:001366942843350
12:001603750944166
13:001844858634946
14:002124865525917
15:002389374626630
WHAT THE NUMBERS SAY

This baseline wins less than half its games, trading sea kills for losses at a similar rate to the enemy through 15 minutes.

  • + Metal production outpaces enemy destruction early, 3733 vs 255 at 5:00.
  • + Kills and losses track closely by 15:00 (8342 vs 6711), an even fight.
  • − Team wins under half of games (47%).
  • − T2 factory reached in only 34% of games, the lowest tech rate among sea roles.
THE EXAMPLE YOU ARE READING

starbird

30.4 OS · 19/09/2026

Open source match ↗

5 received units · includes a constructor
102 metal received · 41314 energy received

Allied construction assistance is unknown. Timings are observations, not a promise of solo reproducibility.

Typical milestones

Shipyard1:44Middle 50%: 1:27–2:01 · n=933
Corsair4:58Middle 50%: 4:20–5:56 · n=885
Advanced Metal Extractor10:04Middle 50%: 9:13–10:56 · n=786

Played most by

yeskinkot68games of this buildHummell60games of this buildTheSituation47games of this buildBlover37games of this buildTheGeneraI36games of this build